 Dungeon Crawl Stone Soup version 0.21-a0-531-gacddea6 (webtiles) character file.

38 slep the Chopper (level 3, -2/27 HPs)
             Began as a Demonspawn Gladiator on Dec 13, 2017.
             Slain by an adder (3 damage)
             ... on level 2 of the Dungeon.
             The game lasted 00:02:35 (903 turns).

slep the Chopper (Demonspawn Gladiator)              Turns: 903, Time: 00:02:36

Health: -2/27      AC:  4    Str: 14    XL:     3   Next: 25%
Magic:  3/3        EV: 13    Int:  9    God:
Gold:   108        SH:  0    Dex: 15    Spells: 2/2 levels left

rFire    . . .     SeeInvis .   a - +0 war axe
rCold    . . .     Gourm    .   (no shield)
rNeg     . . .     Faith    .   b - +0 leather armour
rPois    .         Spirit   .   c - +0 helmet
rElec    .         Reflect  .   (no cloak)
rCorr    .         Harm     .   (no gloves)
MR       .....     Rnd*Tele +   (no boots)
Stlth    +.........             (no amulet)
HPRegen  0.09/turn              n - ring of teleportation (curse)
MPRegen  0.08/turn              (no ring)

@: no status effects
A: powered by death 1
a: no special abilities


You were on level 2 of the Dungeon.
You were not hungry.

You visited 1 branch of the dungeon, and saw 2 of its levels.

You collected 108 gold pieces.

Inventory:

Hand Weapons
 a - a +0 war axe (weapon)
Missiles
 d - 2 throwing nets
 k - 3 javelins (quivered)
Armour
 b - a +0 leather armour (worn)
 c - a +0 helmet (worn)
Jewellery
 n - a cursed ring of teleportation (left hand)
Scrolls
 g - 2 scrolls of fear {unknown}
 h - 5 scrolls of identify {unknown}
 j - a scroll of enchant armour {unknown}
 o - a scroll of teleportation {unknown}
Potions
 e - a potion of agility {unknown}
 i - a potion of magic {unknown}
 m - a potion of haste {unknown}
 p - a potion of curing {unknown}
 q - a potion of flight {unknown}
 r - a potion of invisibility {unknown}
Comestibles
 f - a bread ration
 l - a royal jelly


   Skills:
 + Level 2.1 Fighting
 + Level 3.3 Axes
 + Level 1.8 Throwing
 + Level 0.5 Armour
 + Level 3.1 Dodging


You had 2 spell levels left.
You didn't know any spells.

Dungeon Overview and Level Annotations

Branches:
Dungeon (2/15)

Altars:


Innate Abilities, Weirdness & Mutations

You regenerate a little health from kills.


Message History

You barely miss the adder.
The adder is moderately wounded.
You barely miss the worm. The adder bites you. The adder closely misses you.
The worm bites you.
You closely miss the adder.
The adder is lightly wounded.
You hit the worm but do no damage. The adder bites you.
* * * LOW HITPOINT WARNING * * *
The worm closely misses you.
You completely miss the adder.
The adder is lightly wounded.
You hit the worm. The adder bites you.
* * * LOW HITPOINT WARNING * * *
The adder bites you.
* * * LOW HITPOINT WARNING * * *
You slash the adder!
The adder is almost dead.
You hit the worm but do no damage. The adder closely misses you.
The adder bites you.
You die...

..####.........
..#.........#
............#
..#.........#
..[.........## #####
..###........# #...
..# #........###.# #
..##......##.#.'.#.♣
..#............'@S♣
...............#w##
..##......##.###...
...........#.# #####
..###.###..... ..#
.... ..# ..#.# ..#
#..#. ..#


You could see a worm and an adder.

Vanquished Creatures
  2 adders (D:2)
  3 leopard geckos
  3 goblins
  A hobgoblin (D:2)
  A quokka (D:2)
  A ball python (D:2)
  3 bats
  2 frilled lizards (D:1)
  4 kobolds
  A rat (D:2)
21 creatures vanquished.

Notes
Turn   | Place    | Note
-------+----------+-------------------------------------------
     0 | D:1      | slep the Demonspawn Gladiator began the quest for the Orb.
     0 | D:1      | Reached XP level 1. HP: 16/16 MP: 1/1
   270 | D:1      | Gained mutation: You regenerate a little health from kills. [demonic ancestry]
   270 | D:1      | Reached XP level 2. HP: 12/22 MP: 2/2
   843 | D:2      | Reached XP level 3. HP: 13/27 MP: 3/3
   902 | D:2      | HP: 1/27 [adder (1)]
   903 | D:2      | Slain by an adder

Vault maps used:
D:1:      dpeg_arrival_chambers_temple_mockup
D:2:      first_bread, corexii_corridor_pit, kennysheep_generic_room_12

Skill      XL: |  1  2 |
---------------+-------+-----
Dodging        | 3 |  3.1
Axes           | 3 |  3.3
Fighting       | |  2.1
Throwing       | |  1.8
Armour         | |  0.5

Action                   || total
-------------------------++-------
Melee: War axe           ||    65
Throw: Throwing net      ||     1
 Stab: Sleeping          ||     1
Armor: Leather armour    ||    19
Dodge: Dodged            ||    53

Table legend:
 A = Spawn XP
 B = Non-spawn XP
 C = Spawn XP percentage of total XP
 D = Spawn monster count
 E = Non-spawn monster count
 F = Spawn count percentage of total count
 G = Total turns spent on level
                    A         B        C        D         E        F      G
               +---------+---------+-------+---------+---------+-------+---------
         Total |       0 |      55 |   0.0 |       0 |      21 |   0.0 |   903
               +---------+---------+-------+---------+---------+-------+---------
           D:1 |       0 |      13 |   0.0 |       0 |       8 |   0.0 |   681
           D:2 |       0 |      42 |   0.0 |       0 |      13 |   0.0 |   222
               +---------+---------+-------+---------+---------+-------+---------
